 Dungeon Crawl Stone Soup version 0.30-a0-168-g0b976cbdc4 (webtiles) character file.

Game seed: 11908660819171151449

2603 qw the Cleaver (level 9, -5/57 HPs)
             Began as a Gargoyle Fighter on Sept 29, 2022.
             Slain by a gnoll
             ... wielding a +0 halberd
             ... led by a gnoll bouda
              (7 damage)
             ... on level 7 of the Dungeon.
             The game lasted 00:02:23 (6657 turns).

qw the Cleaver (Gargoyle Fighter)                   Turns: 6657, Time: 00:02:24

Health: -5/57      AC: 21    Str: 25    XL:     9   Next: 59%
Magic:  9/9        EV:  7    Int:  8    God:
Gold:   136        SH:  4    Dex:  9    Spells: 8/8 levels left

rFire   . . .      SeeInvis .    r - +2 war axe (flame)
rCold   . . .      Faith    .    c - +0 buckler
rNeg    + . .      Spirit   .    o - +0 plate armour
rPois   inf        Reflect  .    j - +0 helmet
rElec   +          Harm     .    b - +0 cloak
rCorr   +          Rampage  .    (no gloves)
Will    .....                    (no boots)
Stlth   ..........               (no amulet)
HPRegen 0.19/turn                e - ring of resist corrosion
MPRegen 0.11/turn                (no ring)

@: about to teleport, weakened
A: sickness immunity, AC +6, negative energy resistance 1, electricity
resistance, torment resistance 1, petrification resistance
a: no special abilities


You were on level 7 of the Dungeon.
You visited 2 branches of the dungeon, and saw 8 of its levels.

You collected 376 gold pieces.
You spent 240 gold pieces at shops.


Innate Abilities, Weirdness & Mutations

You are immune to sickness and miasma.
Your stone body is resilient. (AC +6)
You are immune to poison.
You resist negative energy. (rN+)
You are resistant to electric shocks. (rElec)
You are resistant to unholy torment.
You are immune to petrification.


   Skills:
 - Level 7.1 Fighting
 + Level 9.0 Axes
 - Level 2.2 Throwing
 - Level 6.0 Armour
 - Level 1.0 Dodging
 - Level 4.1 Shields


You had 8 spell levels left.
You didn't know any spells.
Your spell library was empty.

Inventory:

Hand Weapons
 r - a +2 war axe of flaming (weapon)
Missiles
 m - a boomerang
 n - 4 javelins (quivered)
Armour
 b - a +0 cloak (worn)
 c - a +0 buckler (worn)
 j - a +0 helmet (worn)
 o - a +0 plate armour (worn)
Jewellery
 e - a ring of resist corrosion (left hand)
 q - a ring of resist corrosion
Scrolls
 a - 6 scrolls of identify
Potions
 d - a potion of might
 g - a potion of resistance
 h - 2 potions of haste
 k - a potion of curing
 l - 2 potions of attraction
 p - 2 potions of magic {unknown}

Dungeon Overview and Level Annotations

Branches:
Dungeon (7/15)             Temple (1/1) D:6

Altars:
Cheibriados
Dithmenos
Elyvilon
Fedhas
Hepliaklqana
Kikubaaqudgha
Makhleb
Nemelex Xobeh
Qazlal
Ru
Sif Muna
Trog
Uskayaw
Vehumet
Wu Jian
Yredelemnul
Zin

Shops:
D:7 =


Message History

The gnoll hits you with a +0 club.
You slash the gnoll! You burn the gnoll.
The gnoll is almost dead.
You barely miss the gnoll bouda. The gnoll closely misses you.
The gnoll hits you but does no damage. x2
The gnoll bouda hits you but does no damage.
The gnoll hits you but does no damage. The gnoll hits you with a +0 club.
You block the gnoll's attack. The gnoll closely misses you.
You barely miss the gnoll.
The gnoll is almost dead.
You hit the gnoll bouda. You burn the gnoll bouda.
The gnoll bouda hits you with a +0 whip.
The gnoll hits you from afar with a +0 halberd.
You block the gnoll's attack. The gnoll hits you but does no damage.
The gnoll barely misses you.
The gnoll hits you from afar with a +0 halberd.
The gnoll bouda hits you but does no damage.
The gnoll closely misses you. The gnoll hits you but does no damage.
6655 ||| READING scroll of teleportation.
As you read the scroll of teleportation, it crumbles to dust.
You feel strangely unstable.
The gnoll hits you but does no damage. x3; The gnoll barely misses you.
The gnoll bouda hits you with a +0 whip!
The gnoll barely misses you.
You barely miss the gnoll.
The gnoll is almost dead.
You slash the gnoll bouda! You burn the gnoll bouda.
You block the gnoll's attack. The gnoll closely misses you.
The gnoll hits you but does no damage. You block the gnoll's attack.
The gnoll bouda gazes fiercely through you!
You feel your attacks grow feeble.
The gnoll bouda hits you with a +0 whip.
The gnoll barely misses you.
You slash the gnoll! You burn the gnoll.
You kill the gnoll!
You hit the gnoll bouda. You burn the gnoll bouda.
You kill the gnoll bouda!
You block the gnoll's attack.
The gnoll hits you from afar with a +0 halberd!
You die...

..# ..###
....#####...### ....#
..............#
#'''######..............
.....'...#...........#..
.~~~.'._.#............#
...).'...#.....ggg$...#
#'''######.......)g...##
.....##........)@......#
.....##................#
......#................#
......###...............
.......##...............
...........#..>.........
..........####.......#.#
.........## ####..##.##
........## ### .#


You could see 4 gnolls.

Vanquished Creatures
  Pargi (D:3)
  2 orc warriors (D:6)
  2 ice beasts
  A black bear (D:7)
  4 ogres
  2 phantoms
  Blork the orc (D:3)
  A kobold brigand (D:7)
  A bullfrog (D:7)
  3 scorpions (D:6)
  9 wights
  An electric eel (D:6)
  3 hounds
  2 orc priests (D:3)
  A gnoll bouda (D:7)
  A jelly (D:7)
  5 iguanas
  2 orc wizards
  10 gnolls
  9 adders
  A white imp (D:6)
  2 ufetubi
  6 dart slugs
  19 orcs
  6 bats
  5 endoplasms
  5 giant cockroaches
  11 goblins
  9 hobgoblins
  6 jackals (D:3)
  16 kobolds
  4 quokkas
  11 ball pythons
  5 frilled lizards
  A rat (D:1)
168 creatures vanquished.

Vanquished Creatures (others)
  2 plants (D:6)
2 creatures vanquished.

Grand Total: 170 creatures vanquished

Notes
Turn   | Place    | Note
-------+----------+-------------------------------------------
     0 | D:1      | qw the Gargoyle Fighter began the quest for the Orb.
     0 | D:1      | Reached XP level 1. HP: 14/14 MP: 1/1
     0 | D:1      | 0 ||| qw: Version: 0.2-a-12-gaebbb33
     0 | D:1      | 0 ||| qw: Game counter: 1214
     0 | D:1      | 0 ||| qw: Always use a shield: true
     0 | D:1      | 0 ||| qw: God list: Okawaru
     0 | D:1      | 0 ||| qw: Allow faded altars: false
     0 | D:1      | 0 ||| qw: Do Orc after D:15 true
     0 | D:1      | 0 ||| qw: Do second Lair branch before Depths: true
     0 | D:1      | 0 ||| qw: Lair rune preference: random
     0 | D:1      | 0 ||| qw: Plans: Normal, Zot:1-4, God:TSO, Crypt, Tomb,
                  | Pan, Slime:5, Hells, Abyss, Orb
     0 | D:1      | 0 ||| PLANNING D:1-11
    82 | D:1      | Reached skill level 2 in Axes
   103 | D:1      | Reached XP level 2. HP: 19/19 MP: 2/2
   281 | D:1      | 281 ||| DROPPING +0 club.
   730 | D:1      | Reached skill level 3 in Axes
   785 | D:1      | Found a faded altar of an unknown god.
   961 | D:1      | 961 ||| UPGRADING to +0 helmet.
   966 | D:1      | 966 ||| READING 3 scrolls labelled NOIDOPSU ZEUC.
   967 | D:1      | 967 ||| READING scroll labelled LAZYRO RUYC.
   968 | D:1      | 968 ||| READING scroll labelled YSIMUXO HAFRISA.
   969 | D:1      | 969 ||| READING 2 scrolls of identify.
   969 | D:1      | 969 ||| IDENTIFYING murky pink potion
  1019 | D:2      | Reached XP level 3. HP: 23/23 MP: 3/3
  1062 | D:2      | 1062 ||| FLEEEEING.
  1063 | D:2      | 1063 ||| FLEEEEING.
  1065 | D:2      | 1065 ||| FLEEEEING.
  1066 | D:2      | 1066 ||| STAIRDANCE
  1121 | D:1      | 1121 ||| UPGRADING to ring of resist corrosion.
  1408 | D:2      | 1408 ||| Stepping ~*~*~tactically~*~*~ (stealth).
  1413 | D:2      | 1413 ||| Stepping ~*~*~tactically~*~*~ (stealth).
  1437 | D:2      | 1437 ||| Stepping ~*~*~tactically~*~*~ (stealth).
  1438 | D:2      | 1438 ||| Stepping ~*~*~tactically~*~*~ (stealth).
  1448 | D:2      | Reached XP level 4. HP: 28/28 MP: 4/4
  1559 | D:2      | 1559 ||| UPGRADING to +0 plate armour.
  1569 | D:2      | 1569 ||| DROPPING +0 scale mail.
  1570 | D:2      | 1570 ||| READING scroll labelled YCKITY REREUPN.
  1571 | D:2      | 1571 ||| READING scroll labelled SYEROQOU ACSYABIU.
  1572 | D:2      | 1572 ||| DRINKING 2 sapphire potions.
  1573 | D:2      | 1573 ||| READING 3 scrolls of identify.
  1573 | D:2      | 1573 ||| IDENTIFYING bubbling coppery potion
  1574 | D:2      | 1574 ||| READING 2 scrolls of identify.
  1574 | D:2      | 1574 ||| IDENTIFYING puce potion
  1575 | D:2      | 1575 ||| DROPPING potion of berserk rage.
  1576 | D:2      | 1576 ||| DROPPING potion of degeneration.
  1593 | D:3      | 1593 ||| STAIRDANCE
  1637 | D:3      | 1637 ||| Stepping ~*~*~tactically~*~*~ (hiding).
  1638 | D:3      | 1638 ||| Stepping ~*~*~tactically~*~*~ (stealth).
  1639 | D:3      | 1639 ||| Stepping ~*~*~tactically~*~*~ (stealth).
  1640 | D:3      | 1640 ||| Stepping ~*~*~tactically~*~*~ (hiding).
  1641 | D:3      | 1641 ||| Stepping ~*~*~tactically~*~*~ (hiding).
  1649 | D:3      | Reached skill level 4 in Axes
  1657 | D:3      | Reached XP level 5. HP: 26/32 MP: 5/5
  1740 | D:3      | Noticed Pargi
  1742 | D:3      | 1742 ||| Stepping ~*~*~tactically~*~*~ (stealth).
  1743 | D:3      | 1743 ||| Stepping ~*~*~tactically~*~*~ (stealth).
  1746 | D:3      | Killed Pargi
  1747 | D:3      | Reached skill level 5 in Axes
  1747 | D:3      | Reached XP level 6. HP: 33/37 MP: 6/6
  1748 | D:3      | 1748 ||| FLEEEEING.
  1977 | D:3      | 1977 ||| Stepping ~*~*~tactically~*~*~ (hiding).
  1981 | D:3      | 1981 ||| Stepping ~*~*~tactically~*~*~ (hiding).
  2041 | D:3      | Found a shadowy altar of Dithmenos.
  2042 | D:3      | Found an ancient bone altar of Kikubaaqudgha.
  2094 | D:3      | 2094 ||| Stepping ~*~*~tactically~*~*~ (stealth).
  2098 | D:3      | 2098 ||| Stepping ~*~*~tactically~*~*~ (stealth).
  2141 | D:3      | 2141 ||| READING scroll of enchant weapon.
  2141 | D:3      | 2141 ||| ENCHANTING +1 vorpal war axe.
  2603 | D:3      | 2603 ||| UPGRADING to +0 cloak.
  2608 | D:3      | 2608 ||| DROPPING ring of flight.
  2609 | D:3      | 2609 ||| DRINKING 2 lumpy green potions.
  2610 | D:3      | 2610 ||| DRINKING 2 cyan potions.
  2611 | D:3      | 2611 ||| READING 5 scrolls of identify.
  2611 | D:3      | 2611 ||| IDENTIFYING purple potion
  2620 | D:4      | Noticed Blork the orc
  2621 | D:4      | 2621 ||| STAIRDANCE
  2631 | D:4      | 2631 ||| STAIRDANCE
  2640 | D:3      | Killed Blork the orc
  2705 | D:4      | Reached skill level 6 in Axes
  2725 | D:4      | 2725 ||| DRINKING 2 potions of curing.
  2725 | D:4      | 2725 ||| (to cure confusion)
  2731 | D:4      | Reached XP level 7. HP: 22/43 MP: 7/7
  2734 | D:4      | 2734 ||| FLEEEEING.
  2735 | D:4      | 2735 ||| FLEEEEING.
  2736 | D:4      | 2736 ||| STAIRDANCE
  2740 | D:3      | 2740 ||| DRINKING potion of curing.
  2740 | D:3      | 2740 ||| (to cure confusion)
  2883 | D:3      | 2883 ||| READING scroll labelled SEYXEO KEOTZ.
  2914 | D:4      | 2914 ||| STAIRDANCE
  2920 | D:4      | 2920 ||| STAIRDANCE
  2941 | D:4      | HP: 6/43 [ogre/+0 giant spiked club (7)]
  2942 | D:4      | 2942 ||| DRINKING potion of heal wounds.
  2947 | D:4      | Reached skill level 7 in Axes
  2947 | D:4      | 2947 ||| STAIRDANCE
  3055 | D:4      | 3055 ||| Stepping ~*~*~tactically~*~*~ (stealth).
  3586 | D:4      | 3586 ||| READING scroll labelled ADUAMI REFI AFA.
  3607 | D:5      | Entered Level 5 of the Dungeon
  4042 | D:5      | Reached skill level 1 in Dodging
  4042 | D:5      | Reached XP level 8. HP: 49/49 MP: 8/8
  4350 | D:5      | 4350 ||| DROPPING +0 flail.
  4434 | D:5      | Reached skill level 1 in Throwing
  4593 | D:5      | 4593 ||| READING scroll labelled DOM TOTEDICW.
  4694 | D:5      | 4694 ||| READING 4 scrolls of identify.
  4694 | D:5      | 4694 ||| IDENTIFYING ruby potion
  4695 | D:5      | 4695 ||| DROPPING potion of ambrosia.
  4773 | D:6      | 4773 ||| Stepping ~*~*~tactically~*~*~ (stealth).
  4840 | D:6      | Found a staircase to the Ecumenical Temple.
  4841 | D:6      | 4841 ||| PLANNING TEMPLE
  4847 | Temple   | Entered the Ecumenical Temple
  4998 | Temple   | 4998 ||| PLANNING D:1-11
  5062 | D:6      | Reached skill level 8 in Axes
  5096 | D:6      | 5096 ||| Stepping ~*~*~tactically~*~*~ (stealth).
  5097 | D:6      | 5097 ||| Stepping ~*~*~tactically~*~*~ (stealth).
  5103 | D:6      | 5103 ||| Stepping ~*~*~tactically~*~*~ (hiding).
  5271 | D:6      | 5271 ||| Stepping ~*~*~tactically~*~*~ (stealth).
  5272 | D:6      | 5272 ||| Stepping ~*~*~tactically~*~*~ (stealth).
  5273 | D:6      | 5273 ||| Stepping ~*~*~tactically~*~*~ (stealth).
  5274 | D:6      | 5274 ||| Stepping ~*~*~tactically~*~*~ (stealth).
  5275 | D:6      | 5275 ||| Stepping ~*~*~tactically~*~*~ (stealth).
  5276 | D:6      | 5276 ||| Stepping ~*~*~tactically~*~*~ (hiding).
  5277 | D:6      | 5277 ||| Stepping ~*~*~tactically~*~*~ (hiding).
  5279 | D:6      | 5279 ||| Stepping ~*~*~tactically~*~*~ (hiding).
  5283 | D:6      | Reached skill level 6 in Fighting
  5283 | D:6      | Reached XP level 9. HP: 52/55 MP: 9/9
  5831 | D:6      | 5831 ||| READING scroll labelled DAANUG JAPEOGI.
  5832 | D:6      | 5832 ||| READING scroll labelled VECEUSHRULOJ.
  5957 | D:7      | Reached skill level 9 in Axes
  6060 | D:7      | Found Xuattek's Jewellery Emporium.
  6076 | D:7      | 6076 ||| SHOPLISTING +4 ring of slaying (936 gold, have
                  | 342).
  6076 | D:7      | 6076 ||| SHOPLISTING +6 ring of strength (432 gold, have
                  | 342).
  6076 | D:7      | 6076 ||| SHOPLISTING ring of Awe {AC+4 Str+3} (591 gold,
                  | have 342).
  6076 | D:7      | 6076 ||| BUYING ring of resist corrosion (240 gold).
  6076 | D:7      | Bought a ring of resist corrosion for 240 gold pieces
  6076 | D:7      | 6076 ||| SHOPLISTING ring of willpower (300 gold, have
                  | 102).
  6089 | D:7      | 6089 ||| Stepping ~*~*~tactically~*~*~ (stealth).
  6093 | D:7      | 6093 ||| Stepping ~*~*~tactically~*~*~ (stealth).
  6096 | D:7      | 6096 ||| Stepping ~*~*~tactically~*~*~ (stealth).
  6104 | D:7      | 6104 ||| Stepping ~*~*~tactically~*~*~ (stealth).
  6120 | D:7      | Reached skill level 6 in Armour
  6396 | D:7      | Found a radiant altar of Vehumet.
  6468 | D:7      | 6468 ||| SWAPPING to +2 war axe of flaming.
  6469 | D:7      | 6469 ||| DROPPING +0 morningstar.
  6470 | D:7      | 6470 ||| DROPPING +2 vorpal war axe.
  6620 | D:7      | Found a hide-covered altar of Uskayaw.
  6654 | D:7      | HP: 12/57 [gnoll/+0 halberd[a gnoll bouda] (3)]
  6655 | D:7      | 6655 ||| READING scroll of teleportation.
  6655 | D:7      | HP: 4/57 [gnoll bouda/+0 whip (8)]
  6657 | D:7      | Slain by a gnoll

Levels and vault maps discovered:
D:1:      kennysheep_arrival_seaside, layout_basic, basic_ecumenical_altar
D:2:      layout_rooms
D:3:      layout_basic, nicolae_overflow_squiral, kennysheep_generic_room_11,
          uniq_pargi
D:4:      layout_rooms, uniq_blork_the_orc
D:5:      nicolae_cairo_tiling, layout_cave_pods, serial_column_ruins,
          column_ruins_hut, column_ruins_grid_2, column_ruins_columns_straight,
          column_ruins_grid_1, column_ruins_grid_2, palyth_stone_intersect,
          cheibrodos_gnoll_hut
D:6:      layout_basic, minmay_temple_entry_hall, chequers_big_river
D:7:      layout_cave_pods, mainiacjoe_overflow_big_doors,
          mainiacjoe_overflow_divided_tiny, serial_shops, shop
Temple:   hellmonk_temple_forest_ring

Skill      XL: |  1  2  3  4  5  6  7  8  9 |
---------------+----------------------------+-----
Axes           | 2 3 4 5 6 7 8 9 |  9.0
Fighting       | 4 5 6 7 |  7.1
Armour         | 4 5 6 |  6.0
Dodging        | 1 |  1.0
Throwing       | 2 |  2.2
Shields        | 4 |  4.1

Action                   |  1- 3 |  4- 6 |  7- 9 || total
-------------------------+-------+-------+-------++-------
Melee: War axe           |    89 |   115 |   211 ||   415
Throw: Boomerang         |    32 |    17 |     3 ||    52
       Javelin           |       |       |    46 ||    46
  Use: Scroll            |     4 |     6 |     7 ||    17
       Potion            |       |     4 |     2 ||     6
Armor: Scale mail        |    52 |       |       ||    52
       Plate armour      |       |    81 |   145 ||   226
Dodge: Dodged            |    45 |    53 |    78 ||   176
Block: Buckler           |    18 |    24 |    34 ||    76

Table legend:
 A = Non-vault XP
 B = Vault XP
 C = Vault XP percentage of total XP
 D = Non-vault monster count
 E = Vault monster count
 F = Vault count percentage of total count
                 A         B        C        D         E       F
            +---------+---------+-------+---------+---------+-------
      Total |    3437 |     339 |   9.0 |     162 |       6 |   3.6
            +---------+---------+-------+---------+---------+-------
        D:1 |      33 |       0 |   0.0 |      18 |       0 |   0.0
        D:2 |      52 |       0 |   0.0 |      23 |       0 |   0.0
        D:3 |     239 |     236 |  49.7 |      39 |       3 |   7.1
        D:4 |     534 |       0 |   0.0 |      26 |       0 |   0.0
        D:5 |     113 |     103 |  47.7 |       7 |       3 |  30.0
        D:6 |    1203 |       0 |   0.0 |      26 |       0 |   0.0
        D:7 |    1263 |       0 |   0.0 |      23 |       0 |   0.0
            +---------+---------+-------+---------+---------+-------
